 Dungeon Crawl Stone Soup version 0.20.1-1-g8b1a95d (webtiles) character file.

89 Kinglet the Conjurer (level 4, 0/21 HPs)
             Began as a Spriggan Conjurer on Aug 2, 2017.
             Slain by a worker ant (1 damage)
             ... on level 3 of the Dungeon.
             The game lasted 00:11:58 (2829 turns).

Kinglet the Conjurer (Spriggan Conjurer)            Turns: 2829, Time: 00:11:59

Health: 0/21       AC:  2    Str:  9    XL:     4   Next: 31%
Magic:  0/9        EV: 18    Int: 17    God:
Gold:   113        SH:  0    Dex: 16    Spells: 5/9 levels left

rFire    . . .     SeeInvis +   x - +3 dagger
rCold    . . .     Gourm    .   (shield restricted)
rNeg     . . .     Faith    .   a - +0 robe
rPois    .         Spirit   .   (helmet restricted)
rElec    .         Reflect  .   (no cloak)
rCorr    +         Harm     .   (gloves unavailable)
MR       .....                  (boots unavailable)
Stlth    ++........             (no amulet)
Regen    0.1/turn               p - ring of resist corrosion
MPRegen  0.2/turn               (no ring)

@: mighty, lethally poisoned (0 -> -5), very quick
A: unfitting armour, see invisible, herbivore 3, speed 3, slow metabolism 2
a: no special abilities


You were on level 3 of the Dungeon.
You were not hungry.

You visited 1 branch of the dungeon, and saw 3 of its levels.

You collected 113 gold pieces.

Inventory:

Hand Weapons
 n - a +0 short sword
 x - a +3 dagger (weapon)
Missiles
 r - 18 poisoned needles
 s - 16 arrows
Armour
 a - a +0 robe (worn)
 k - a +0 pair of gloves
Jewellery
 p - a ring of resist corrosion (left hand)
Wands
 y - a wand of digging (5/24)
Scrolls
 d - a scroll of fear {unknown}
 e - 2 scrolls of identify {unknown}
 i - a scroll of teleportation {unknown}
 j - 2 scrolls of remove curse {unknown}
 o - 2 scrolls of enchant weapon {unknown}
 u - a scroll of fog {unknown}
Potions
 h - a potion of flight {unknown}
 l - a potion of lignification {unknown}
 m - 2 potions of curing {unknown}
 t - a potion of magic {unknown}
 v - a potion of berserk rage {unknown}
 w - a potion of mutation {unknown}
Books
 b - a book of Conjurations

   Spells                             Type                      Level
   a - Magic Dart                     Conjuration                  1
   b - Searing Ray                    Conjuration                  2
   c - Dazzling Spray                 Conjuration/Hexes            3
   d - Fulminant Prism                Conjuration/Hexes            4
   e - Force Lance                    Conjuration/Translocation    4
   f - Iskenderun's Mystic Blast      Conjuration                  4
Comestibles
 c - 2 bread rations
 g - 3 royal jellies
 q - 4 fruits


   Skills:
 - Level 3.0 Dodging
 - Level 3.0 Stealth
 + Level 3.2 Spellcasting
 - Level 4.0 Conjurations
 * Level 1.9 Hexes


You had 5 spell levels left.
You knew the following spells:

 Your Spells              Type           Power        Failure   Level  Hunger
a - Magic Dart            Conj           ###.         3%          1    None
b - Dazzling Spray        Conj/Hex       ##....       16%         3    ###....


Dungeon Overview and Level Annotations

Branches:
Dungeon (3/15)

Altars:
Gozag
Ru
Yredelemnul


Innate Abilities, Weirdness & Mutations

You are very small and have problems with some larger weapons.
You are too small for most types of armour.
You have supernaturally acute eyesight. (SInv)
You are a herbivore.
You cover ground extremely quickly.
You need consume almost no food.


Message History

* * * LOW HITPOINT WARNING * * *
You feel sick.
* * * LOW HITPOINT WARNING * * *
You feel sick.
Found 6 gold pieces.
Found an opulent altar of Gozag.
Casting: Magic Dart
Confirm with . or Enter, or press ? or * to list all spells.
Aiming: Magic Dart
Press: ? - help, Shift-Dir - straight line, f/p - worker ant
Aim: a worker ant (severely wounded)
The magic dart hits the worker ant.
The worker ant is almost dead.
Found 5 gold pieces.
* * * LOW HITPOINT WARNING * * *
You feel sick.
Okay, then.
It was a potion of might.
You feel very mighty all of a sudden. The worker ant bites you.
You die...

##..##.#####
##.##.>.##.
#.#.......
#.........
##.....(..
#..<..... ####
##..[†...
#..#########....#.
#@a...............
#.###########...##
$$.# #.#.>. .$_$.#
#..#### #..$$$.#
#.## #......# #.
####.#.# #. #.#.#
..


You could see a worker ant.

Vanquished Creatures
  3 adders
  A worm (D:2)
  2 dart slugs
  2 leopard geckos
  6 giant cockroaches
  10 hobgoblins
  3 jackals (D:2)
  5 kobolds
  5 bats (D:1)
  2 frilled lizards (D:2)
  5 goblins
  7 rats
51 creatures vanquished.

Notes
Turn   | Place    | Note
-------+----------+-------------------------------------------
     0 | D:1      | Kinglet the Spriggan Conjurer began the quest for the Orb.
     0 | D:1      | Reached XP level 1. HP: 9/9 MP: 5/5
    13 | D:1      | Reached skill level 3 in Conjurations
   248 | D:1      | Reached XP level 2. HP: 13/13 MP: 1/6
   943 | D:1      | Reached XP level 3. HP: 16/16 MP: 0/8
  1318 | D:2      | Learned a level 3 spell: Dazzling Spray
  1589 | D:2      | Reached skill level 4 in Conjurations
  1700 | D:2      | Reached skill level 1 in Hexes
  1874 | D:2      | Found a sacrificial altar of Ru.
  1874 | D:2      | Found a basalt altar of Yredelemnul.
  2136 | D:2      | Reached XP level 4. HP: 9/21 MP: 0/9
  2825 | D:3      | Found an opulent altar of Gozag.
  2828 | D:3      | HP: 1/21 [poisoned by a worker ant]
  2829 | D:3      | Slain by a worker ant

Skill      XL: |  1  2  3 |
---------------+----------+-----
Conjurations   | 3 4 |  4.0
Hexes          | 1 |  1.9
Spellcasting   | 3 |  3.2
Dodging        | |  3.0
Stealth        | |  3.0

Action                   |  1- 3 |  4- 6 || total
-------------------------+-------+-------++-------
Melee: Unarmed           |     8 |       ||     8
       Short sword       |    18 |     2 ||    20
       Dagger            |       |    13 ||    13
 Cast: Magic Dart        |    88 |    31 ||   119
       Dazzling Spray    |     3 |       ||     3
  Use: Potion            |       |     1 ||     1
 Stab: Sleeping          |       |     1 ||     1
Armor: Robe              |     6 |     2 ||     8
Dodge: Dodged            |    44 |    12 ||    56
